 Dungeon Sprint DCSS version 0.31-a0-1093-gadecf4124d (webtiles) character file.

Game seed: 10472348133336726436

7 CrazyBamboolord the Grave Robber (level 1, -1/22 HPs)
             Began as a Demonspawn Necromancer on Nov 29, 2023.
             Slain by a water moccasin (2 damage)
             ... in the Dungeon (Sprint IX: "|||||||||||||||||||||||||||||").
             The game lasted 00:00:51 (80 turns).

CrazyBamboolord the Grave Robber (DsNe)               Turns: 80, Time: 00:00:52

Health: -1/22      AC:  2    Str:  8    XL:     1   Next: 83%
Magic:  0/4        EV: 12    Int: 16    God:
Gold:   0          SH:  0    Dex: 13    Spells: 4/5 levels left

rFire   . . .        (no weapon)
rCold   . . .        (no shield)
rNeg    . . .        a - +0 robe
rPois   .            (no helmet)
rElec   .            (no cloak)
rCorr   .            (no gloves)
SInv    .            (no boots)
Will    .....        (no amulet) Stlth
                     (no ring)
HPRegen 0.23/turn    (no ring)
MPRegen 0.09/turn

%: no teleportation
@: berserking, very quick
A: no striking features
a: no special abilities


You were in the Dungeon.
You visited 1 branch

Inventory:

Armour
 a - a +0 robe (worn)
Scrolls
 g - a scroll of blinking
Potions
 b - 3 potions of magic
 c - a potion of curing
 d - a potion of heal wounds
 e - a potion of haste


   Skills:
 + Level 1.0 Fighting
 * Level 2.4 Dodging
 + Level 2.1 Stealth
 * Level 2.5 Spellcasting
 * Level 4.9 Necromancy


You had 4 spell levels left.
You knew the following spells:

 Your Spells              Type           Power      Damage    Failure   Level
a - Necrotise             Necr           68%        1d7       2%          1

Your spell library contained the following spells:

 Spells                   Type           Power      Damage    Failure   Level
 Vampiric Draining        Necr           17%        2d7       8%          3
 Animate Dead             Necr           17%        N/A       26%         4
 Agony                    Necr           17%        N/A       58%         5


Dungeon Overview and Level Annotations

Branches:
Dungeon (1/1)

Altars:


Message History

The quokka writhes in agony.
Unknown command.
The quokka twitches its whiskers.
You see here a rat corpse.
There is a broken door to the Dungeon, spattered with blood here.
You see here a hobgoblin corpse.
Okay, then.
Aiming: Necrotise (safe; 2% risk of failure)
Press: ? - help, Q - select action Shift-Dir - straight line, f/p - quokka
Aim: a quokka (severely wounded, chance to affect: 87%)
The water moccasin writhes in agony.
The water moccasin bites you.
Unknown command.
Aiming: Necrotise (safe; 2% risk of failure)
Press: ? - help, Q - select action Shift-Dir - straight line, f/p - quokka
Aim: a quokka (severely wounded, chance to affect: 87%)
The water moccasin writhes in agony.
The water moccasin closely misses you.
Unknown command.
A red film seems to cover your vision as you go berserk!
You feel yourself moving faster!
You feel mighty! The water moccasin bites you! The water moccasin misses you.
Unknown command.
You hit the water moccasin.
The water moccasin is moderately wounded.
The water moccasin bites you!
* * * LOW HITPOINT WARNING * * *
You barely miss the water moccasin.
The water moccasin is moderately wounded.
The water moccasin bites you.
* * * LOW HITPOINT WARNING * * *
You miss the water moccasin.
The water moccasin is moderately wounded.
The water moccasin closely misses you.
You punch the water moccasin!
The water moccasin is severely wounded.
You closely miss the water moccasin.
The water moccasin is severely wounded.
The water moccasin bites you.
You die...

▓'▓
▓.▓
▓.▓
▓.▓
▓o▓
▓s▓
▓r▓
▓S▓
▓@▓
▓.▓
▓<▓
▓▓▓


You could see a water moccasin, a scorpion, an orc and a quokka.

Vanquished Creatures
  An orc (D)
  A bat (D)
  A hobgoblin (D)
  A ball python (D)
  A frilled lizard (D)
5 creatures vanquished.

Vanquished Creatures (collateral kills)
  A rat (D)
1 creature vanquished.

Grand Total: 6 creatures vanquished

Notes
Turn   | Place    | Note
-------+----------+-------------------------------------------
     0 | D        | CrazyBamboolord the Demonspawn Necromancer began the quest
                  | for the Orb.
     0 | D        | Reached XP level 1. HP: 13/13 MP: 3/3
    59 | D        | Noticed a scorpion
    59 | D        | Noticed a water moccasin
    61 | D        | Reached skill level 1 in Fighting
    77 | D        | HP: 1/22 [water moccasin (2)]
    80 | D        | Slain by a water moccasin

Illustrated notes

Levels and vault maps discovered:
D:        linesprint [early_d, line_temple, items_1, d_10, items_2, lair_1,
          lair_end, items_3, orc_1, orc_end, items_4, d_15, swamp_1, shoals_1,
          snake_1, spider_1, d_20, vaults_1, items_5, swamp_end, shoals_end,
          snake_end, spider_end, vaults_end, d_27, items_6, zot_1, zot_end,
          crypt_end, forest_end, elf_end, slime_end, tomb_end, abyss_end,
          pan_hell_end]

Skill      XL: |  1 |
---------------+----+-----
Dodging        | 2 |  2.4
Stealth        | 2 |  2.1
Fighting       | 1 |  1.0
Spellcasting   | |  2.5
Necromancy     | |  4.9

Action                     || total
---------------------------++-------
  Melee: Unarmed           ||    12
   Cast: Necrotise         ||     8
    Use: Potion            ||     1
 Armour: Robe              ||    10
  Dodge: Dodged            ||    10

Table legend: (Time is in decaauts)
 A = Elapsed time spent in this place.
 B = Non-inter-level travel time spent in this place.
 C = Inter-level travel time spent in this place.
 D = Time resting spent in this place.
 E = Time spent auto-exploring this place.
 F = Levels seen in this place.
 G = Mean time per level.
                   A        B        C        D        E       F      G
               +--------+--------+--------+--------+--------+-----+--------+
         Total |     78 |     78 |      0 |     30 |      0 |   1 |   78.0 |
       Dungeon |     78 |     78 |      0 |     30 |      0 |   1 |   78.0 |
               +--------+--------+--------+--------+--------+-----+--------+

Top non-repeatable levels by time:
       D: 78 daAuts
